AoeStats
← andrewcarnegiehill_2006

Baltic

510446920Analyzed
4v4 RM · 1d ago on Oct 1, 2026· 45m 55s· 8 players
Game mode
Random Map
Map size
Large (8 player)
Population
200
Speed
Normal
Resources
Standard
Victory
Conquest
Starting age
Dark Age
Ending age
Imperial Age
RankedLock teamsTeams togetherTeam positionsShared explorationLock speedFull tech treeHidden civsTurbo modeCheats
Victory
Defeat
🇲🇽 Italians · Mexico
1170
+15
🇺🇸 Bohemians · United States
1154
+16
🇲🇽 Khmer · Mexico
1134
+17
🇨🇴 Berbers · Colombia
1111
+18
🇲🇽 Byzantines · Mexico
1180
-18
🇨🇱 Vikings · Chile
1155
-17
🇧🇷 Persians · Brazil
1138
-16
🇲🇽 Danes · Mexico
1117
-15
dillon1556
3:14 Loom
11:55 Feudal Age
18:49 Castle Age
17:57 Double-Bit Axe
18:12 Horse Collar
18:27 Fishing Lines
19:55 Demolition Ship
27:18 Imperial Age
27:11 Chemistry
28:48 Padded Archer Armor
28:39 Fletching
30:23 Conscription
29:27 Pikeman
30:49 Scale Mail Armor
31:03 Forging
31:33 Squires
34:13 Bow Saw
34:06 Heavy Plow
34:49 Iron Casting
34:24 Halberdier
36:27 Chain Mail Armor
37:16 Blast Furnace
37:48 Caravan
40:59 Elite Skirmisher
Maninthemiddle
8:06 Loom
10:45 Feudal Age
11:51 Fletching
12:06 Double-Bit Axe
12:06 Horse Collar
17:02 Castle Age
15:32 Stone Mining
17:44 Bodkin Arrow
18:28 Stone Shaft Mining
18:09 Bow Saw
19:10 Padded Archer Armor
20:44 Leather Archer Armor
32:31 Imperial Age
30:31 Gold Mining
34:44 Bracer
35:14 Ring Archer Armor
35:51 Two-Man Saw
37:53 Chemistry
37:13 Ballistics
40:28 Conscription
47:10 Wheelbarrow
FormulaHawk8575
2:52 Loom
11:48 Feudal Age
12:51 Double-Bit Axe
13:37 Horse Collar
16:46 Forging
20:38 Castle Age
19:39 Stone Mining
22:26 Wheelbarrow
21:52 Heavy Plow
27:24 Hand Cart
28:50 Husbandry
29:36 Fletching
30:43 Bodkin Arrow
34:33 Bow Saw
34:18 Town Watch
35:17 Kasbah
36:14 Stone Shaft Mining
35:30 Gold Mining
40:06 Imperial Age
38:22 Ballistics
38:03 Padded Archer Armor
38:09 Scale Barding Armor
38:54 Bloodlines
39:09 Thumb Ring
38:55 Light Cavalry
39:54 Leather Archer Armor
40:00 Chain Barding Armor
40:16 Iron Casting
40:13 Elite Camel Archer
42:02 Chemistry
41:18 Maghrebi Camels
41:59 Gold Shaft Mining
41:01 Elite Genitour
42:26 Conscription
42:39 Bracer
42:55 Siphons
43:36 Ring Archer Armor
44:23 Conscription
andrewcarnegiehill_2006
11:57 Feudal Age
15:24 Castle Age
13:39 Horse Collar
13:51 Double-Bit Axe
14:03 Horse Collar
23:58 Loom
26:36 Heavy Plow
29:18 Bloodlines
29:08 Husbandry
28:58 Light Cavalry
34:12 Gold Mining
34:12 Stone Mining
34:35 Bow Saw
39:08 Imperial Age
37:16 Wheelbarrow
36:26 Town Watch
37:25 Scale Barding Armor
37:31 Forging
37:11 Fletching
38:33 Chain Barding Armor
38:50 Stone Shaft Mining
38:51 Gold Shaft Mining
38:52 Ballistics
39:31 Hand Cart
39:16 Town Patrol
39:53 Iron Casting
39:39 Bodkin Arrow
40:14 Conscription
39:55 Double Crossbow
39:23 Hussar
40:48 Crop Rotation
41:13 Plate Barding Armor
40:24 Elite Ballista Elephant
42:10 Chemistry
46:05 Blast Furnace
45:06 Bracer
arsmx
10:16 Feudal Age
11:03 Loom
14:22 Castle Age
15:46 Double-Bit Axe
21:20 Fletching
28:43 Bow Saw
39:59 Gold Mining
42:14 Horse Collar
[ Wildpigs ] Mau
6:22 Loom
10:10 Feudal Age
11:51 Double-Bit Axe
15:51 Castle Age
14:52 Stone Mining
23:46 Horse Collar
24:17 Bow Saw
23:59 Gold Mining
28:02 Wheelbarrow
29:12 Scale Mail Armor
29:22 Forging
29:44 Hand Cart
31:19 Gold Shaft Mining
31:29 Iron Casting
31:09 Chain Mail Armor
31:02 Scale Barding Armor
34:39 Imperial Age
33:23 Chain Barding Armor
35:36 Logistica
37:41 Plate Barding Armor
36:50 Elite Skirmisher
37:35 Thumb Ring
37:09 Elite Cataphract
39:43 Fletching
39:53 Padded Archer Armor
41:50 Bodkin Arrow
42:10 Leather Archer Armor
44:48 Chemistry
44:11 Ballistics
44:53 Chemistry
jp.manhaes94
10:15 Feudal Age
12:07 Wheelbarrow
15:16 Castle Age
15:31 Double-Bit Axe
23:07 Bow Saw
25:52 Horse Collar
26:36 Heavy Plow
26:49 Scale Barding Armor
27:13 Bloodlines
27:40 Loom
28:57 Gold Mining
30:01 Husbandry
30:48 Hand Cart
31:59 Chain Barding Armor
31:50 Forging
35:51 Iron Casting
42:30 Town Watch
Delhi
11:35 Feudal Age
12:01 Double-Bit Axe
16:41 Castle Age
14:33 Fishing Lines
14:46 Horse Collar
15:06 Gold Mining
16:09 Fletching
16:22 Loom
17:40 Bow Saw
18:06 Gold Shaft Mining
19:37 Bodkin Arrow
21:33 Gillnets
23:03 Ballistics
23:57 Clinker Construction
25:00 Careening
27:58 Fervor
33:17 Imperial Age
31:50 Coinage
31:22 Heavy Plow
32:24 Scale Mail Armor
32:52 Stone Mining
34:45 Bracer
35:05 Chain Mail Armor
35:24 Squires
35:05 Elite Varangian Guard
35:31 Arson
36:55 Plate Mail Armor
36:36 Forging
40:47 Iron Casting
40:31 Town Watch
45:38 Pikeman
Connection lost

Rejoining the realm…

Still unreachable

The connection could not be restored.

Session expired

The server has moved on; the page needs a fresh start.